 Dungeon Crawl Stone Soup version 0.29.1-15-g9cfb28693d (webtiles) character file.

Game seed: 472737076057051941

48507 leetdood the Severer (level 14, -9/129 HPs)
             Began as a Minotaur Fighter on Mar 11, 2023.
             Was a High Priest of Okawaru.
             Mangled by an orc knight
             ... wielding a +0 war axe
              (18 damage)
             ... on level 2 of the Orcish Mines.
             The game lasted 01:21:07 (24156 turns).

leetdood the Severer (Minotaur Fighter)            Turns: 24156, Time: 01:21:08

Health: -9/129     AC: 27    Str: 31    XL:     14   Next: 12%
Magic:  12/16      EV: 12    Int:  9    God:    Okawaru [*****.]
Gold:   1441       SH: 15    Dex: 21    Spells: 13/13 levels left

rFire   . . .      SeeInvis .   a - +0 war axe
rCold   . . .      Faith    .   c - +0 buckler
rNeg    + . .      Spirit   .   g - +0 plate armour
rPois   +          Reflect  +   F - +1 hat "Waqoul" {Int+3}
rElec   .          Harm     .   N - scarf {repulsion}
rCorr   .          Rampage  .   U - +2 pair of gloves "Hihoff" {rN+ Int-3 Dex+10}
Will    ++...                   V - +2 pair of boots {Fly}
Stlth   ..........              T - amulet "Toqeampa" {Reflect rPois Int+4 SH+5}
HPRegen 0.31/turn               s - +6 ring of strength
MPRegen 0.15/turn               p - ring of willpower

@: heroic, finesse-ful, marked, flying, repel missiles
A: horns 2, retaliatory headbutt
a: Renounce Religion, Heroism, Finesse, Duel


You were on level 2 of the Orcish Mines.
You worshipped Okawaru.
Okawaru was extremely pleased with you.
You visited 3 branches of the dungeon, and saw 20 of its levels.
You also visited: Gauntlet.

You collected 1441 gold pieces.

Inventory:

Hand Weapons
 a - a +0 war axe (weapon)
Missiles
 i - 3 silver javelins (quivered)
 G - 20 boomerangs
Armour
 c - a +0 buckler (worn)
 g - a +0 plate armour (worn)
 y - the -2 pair of boots of Nuko {rElec rF+++ Str-4 SInv}
   (Okawaru gifted it to you on level 1 of the Lair of Beasts)

   Str:       It affects your strength (-4).
   rF:        It renders you almost immune to fire.
   rElec:     It insulates you from electricity.
   SInv:      It lets you see invisible.
 F - the +1 hat "Waqoul" (worn) {Int+3}
   (Okawaru gifted it to you on level 3 of the Lair of Beasts)

   Int:       It affects your intelligence (+3).
 N - a scarf of repulsion (worn)
 U - the +2 pair of gloves "Hihoff" (worn) {rN+ Int-3 Dex+10}
   (You found it in a Gauntlet)

   Int:       It affects your intelligence (-3).
   Dex:       It affects your dexterity (+10).
   rN:        It protects you from negative energy.
 V - a +2 pair of boots of flying (worn)
Jewellery
 p - a ring of willpower (right hand)
 s - a +6 ring of strength (left hand)
 D - a ring of positive energy
 J - a ring of magical power
 K - a ring of willpower
 L - a ring of positive energy
 M - a +6 ring of strength
 Q - an amulet of regeneration
 R - a ring of poison resistance
 T - the amulet "Toqeampa" (around neck) {Reflect rPois Int+4 SH+5}
   (You took it off a minotaur in a Gauntlet)

   [amulet of reflection]

   It reflects blocked missile attacks.
   Int:       It affects your intelligence (+4).
   rPois:     It protects you from poison.
   SH:        It affects your SH (+5).
Wands
 e - a wand of roots (3)
 n - a wand of quicksilver (22)
 q - a wand of paralysis (15)
 u - a wand of flame (27)
 v - a wand of polymorph (16)
 B - a wand of mindburst (6)
 C - a wand of digging (10)
Scrolls
 b - 4 scrolls of fog
 d - 4 scrolls of enchant weapon
 f - 5 scrolls of fear
 k - 4 scrolls of blinking
 o - 8 scrolls of teleportation
 r - 2 scrolls of enchant armour
 A - 3 scrolls of magic mapping {unknown}
 E - a scroll of summoning {unknown}
 H - a scroll of acquirement {unknown}
 P - a scroll of torment {unknown}
 S - a scroll of brand weapon {unknown}
Potions
 h - 11 potions of curing
 j - 3 potions of haste
 l - 3 potions of flight
 m - 2 potions of might
 t - 3 potions of heal wounds
 w - a potion of invisibility
 x - 2 potions of magic
 z - a potion of brilliance
 I - 2 potions of berserk rage
 O - 2 potions of ambrosia


   Skills:
 + Level 13.4(18.4) Fighting
 * Level 17.8(22.8) Axes
 - Level 5.0(10.0) Throwing
 + Level 13.3(18.3) Armour
 + Level 13.3(18.3) Shields
 - Level 5.0 Invocations


You had 13 spell levels left.
You didn't know any spells.
Your spell library contained the following spells:

 Spells                   Type           Power      Damage    Failure   Level
 Blink                    Tloc           0%         N/A       96%         2
 Dazzling Flash           Conj/Hex       0%         N/A       99%         3
 Ozocubu's Armour         Ice            0%         N/A       99%         3
 Portal Projectile        Hex/Tloc       0%         N/A       99%         3
 Leda's Liquefaction      Hex/Erth       0%         N/A       100%        4
 Petrify                  Tmut/Erth      0%         N/A       100%        4
 Agony                    Necr           0%         N/A       100%        5
 Alistair's Intoxication  Tmut/Pois      0%         N/A       100%        5
 Blade Hands              Tmut           0%         N/A       100%        5
 Borgnjor's Vile Clutch   Necr/Erth      0%         N/A       100%        5
 Freezing Cloud           Conj/Ice/Air   0%         6-21      100%        5
 Manifold Assault         Tloc           0%         N/A       100%        5
 Metabolic Englaciation   Hex/Ice        0%         N/A       100%        5
 Silence                  Hex/Air        0%         N/A       100%        5
 Eringya's Noxious Bog    Tmut/Pois      0%         N/A       100%        6
 Iron Shot                Conj/Erth      0%         9d1       100%        6
 Statue Form              Tmut/Erth      0%         N/A       100%        6
 Ozocubu's Refrigeration  Ice            0%         4d7       100%        7
 Storm Form               Tmut/Air       0%         N/A       100%        7
 Polar Vortex             Ice            0%         N/A       100%        9
 Tukima's Dance           Hex            Unusable   N/A       N/A         3
 Animate Armour           Summ/Erth      Unusable   N/A       N/A         4
 Simulacrum               Ice/Necr       Unusable   N/A       N/A         6

Dungeon Overview and Level Annotations

Branches:
Dungeon (13/15)            Temple (0/1) D:7            Lair (5/5) D:8
 Shoals (0/4) Lair:2        Snake (0/4) Lair:2        Slime (0/5) Lair:4
    Orc (2/2) D:12        Gauntlet (visited)
    Elf: Orc:2       Vaults: D:13-14

Altars:
Ashenzari
Hepliaklqana
Kikubaaqudgha
Makhleb
Okawaru
Vehumet
Wu Jian
Xom
Zin
Jiyva

Shops:
Orc:2 [*

Annotations:
D:8 1 transporter


Innate Abilities, Weirdness & Mutations

You have a pair of horns on your head.
You reflexively headbutt those who attack you in melee.


Message History

You hit the orc knight but do no damage.
The orc knight is lightly wounded.
The orc knight roars a battlecry!
The orcs go into a battle-frenzy!
You slice the orc knight!!
You headbutt the orc knight, but do no damage.
The orc knight is heavily wounded.
You miss something.
The orc warrior shoots a bolt.
You reflect the bolt off an invisible shield around you!
The bolt closely misses the orc warrior.
You hit the orc knight but do no damage.
The orc knight is heavily wounded.
You hit something. You closely miss the orc knight.
The orc knight is heavily wounded.
You slash something! Something hits you but does no damage.
You block the orc warrior's attack. Something hits you.
* * * LOW HITPOINT WARNING * * *
The orc warrior unwields a +0 arbalest.
The orc warrior wields a +0 short sword.
The orc warrior hits you but does no damage.
An orc warrior comes into view. It is wielding a +0 battleaxe.
The orc knight roars a battlecry!
The orc warrior goes into a battle-frenzy!
The orc warrior hits you from afar with a +0 halberd!
* * * LOW HITPOINT WARNING * * *
Items here: $ ) [ †.
You closely miss the orc warrior.
The orc warrior is heavily wounded.
You slash something! Okawaru accepts your kill.
Reactivating autopickup.
You feel a bit more experienced.
You slash the orc warrior! You headbutt the orc warrior.
You kill the orc warrior!
Okawaru accepts your kill. You block the orc warrior's attack.
The orc knight hits you with a +0 war axe!!
You die...

....#...[.......##
...#.............#
####..#o.)).#..####
##.#..)).#.##.∩#
###8.))8###...# .
#.o.))##...#
...#..)))#...#
#......).)..#
##....))@o.##
.............8..
.^......o.......
......_.........
................
.............8..
##.........#####
...........


You could see an orc knight (strong), 2 orc warriors and an orc (strong).

Vanquished Creatures
  Gastronok (D:8)
  An orc warlord (Orc:2)
  A minotaur (Gauntlet)
  Erolcha (D:9)
  3 boulder beetles
  3 hydras
  A two-headed ogre (D:11)
  A dancing weapon (D:8)
  3 catoblepae (Lair:5)
  6 death yaks (Lair:5)
  The ghost of BeingJoeMalik the Spear-Bearer, a novice NaFi of Kikubaaqudgha (D:8)
  An orc high priest (Orc:2)
  Sonja (Orc:1)
  A deep troll (Lair:2)
  2 deep elf pyromancers (D:12)
  3 orc sorcerers
  2 orc knights (Orc:2)
  A cyclops (D:11)
  A worldbinder (Gauntlet)
  3 manticores
  5 elephants (Lair:3)
  An eye of devastation (Gauntlet)
  2 black mambas
  Joseph (D:9)
  A torpor snail (Lair:5)
  6 cane toads
  2 unseen horrors
  3 rime drakes
  2 kobold demonologists (D:9)
  6 komodo dragons
  4 trolls
  2 polar bears
  A snapping turtle (Lair:2)
  A raiju (Gauntlet)
  A hornet (D:10)
  2 dream sheep (Lair:5)
  2 centaur simulacra (Gauntlet)
  Sigmund (D:4)
  A wraith (D:11)
  2 wyverns
  2 basilisks (Lair:1)
  46 yaks
  A steam dragon (Gauntlet)
  6 vampire mosquitoes
  Menkaure (D:6)
  A warg (Orc:1)
  An acid dragon (D:12)
  14 water moccasins
  2 floating eyes (Gauntlet)
  3 black bears
  17 orc warriors
  2 sky beasts (D:7)
  2 ogres
  8 wolves
  A boggart (Gauntlet)
  7 centaurs
  A kobold brigand (D:9)
  Blork the orc (Orc:2)
  A gnoll sergeant (D:11)
  4 scorpions
  10 bullfrogs
  A necrophage (D:6)
  A cane toad simulacrum (Gauntlet)
  13 wights
  An electric eel (D:6)
  2 howler monkeys
  7 jellies
  19 orc priests
  7 hounds
  4 iguanas
  Natasha (thrice) (D:2)
  Terence (D:2)
  15 orc wizards
  10 adders
  6 gnolls
  A shadow imp (D:6)
  A white imp (D:7)
  An ufetubus (D:5)
  3 worms
  2 dart slugs
  61 orcs
  A ball python (D:3)
  8 endoplasms
  3 giant cockroaches
  2 goblins
  10 hobgoblins
  6 jackals
  5 quokkas
  5 bats (D:1)
  2 frilled lizards
  10 kobolds
  5 rats
430 creatures vanquished.

Vanquished Creatures (others)
  An orc warrior (Orc:2)
  An orc wizard (Orc:2)
  An orc (Orc:1)
  7 fungi
  11 plants
  5 withered plants (Gauntlet)
26 creatures vanquished.

Grand Total: 456 creatures vanquished

Notes
Turn   | Place    | Note
-------+----------+-------------------------------------------
     0 | D:1      | leetdood the Minotaur Fighter began the quest for the Orb.
     0 | D:1      | Reached XP level 1. HP: 19/19 MP: 0/0
   262 | D:1      | Reached XP level 2. HP: 27/27 MP: 1/1
   370 | D:1      | Found a faded altar of an unknown god.
   519 | D:1      | Reached skill level 3 in Axes
   860 | D:2      | Reached XP level 3. HP: 14/33 MP: 2/2
  1177 | D:2      | Noticed Terence
  1187 | D:2      | Killed Terence
  1188 | D:2      | Reached XP level 4. HP: 20/40 MP: 3/3
  1352 | D:2      | Found an ornate altar of the Wu Jian Council.
  1353 | D:2      | Noticed Natasha
  1360 | D:2      | Killed Natasha
  1521 | D:2      | Noticed Natasha
  1541 | D:2      | Killed Natasha
  1542 | D:2      | Reached skill level 4 in Axes
  1882 | D:2      | Reached XP level 5. HP: 43/47 MP: 4/4
  1933 | D:2      | Noticed Natasha
  1942 | D:2      | Killed Natasha
  2772 | D:3      | Found an iron altar of Okawaru.
  2772 | D:3      | Found a hazy altar of Hepliaklqana.
  2775 | D:3      | Became a worshipper of Warmaster Okawaru
  3185 | D:4      | Reached skill level 5 in Axes
  3195 | D:4      | Reached XP level 6. HP: 55/55 MP: 5/5
  3204 | D:4      | Reached skill level 5 in Shields
  3319 | D:4      | Reached skill level 5 in Fighting
  3319 | D:4      | Reached skill level 5 in Armour
  3785 | D:4      | Noticed Sigmund
  3804 | D:4      | Killed Sigmund
  3804 | D:4      | Reached * piety under Okawaru
  3805 | D:4      | Reached skill level 6 in Axes
  3805 | D:4      | Reached XP level 7. HP: 49/61 MP: 6/6
  4177 | D:5      | Entered Level 5 of the Dungeon
  4314 | D:5      | Found a glowing silver altar of Zin.
  4482 | D:5      | You fall into a shaft and drop 3 floors!
  4737 | D:6      | Reached skill level 7 in Axes
  4838 | D:6      | Reached XP level 8. HP: 67/70 MP: 7/7
  4917 | D:5      | Reached ** piety under Okawaru
  4918 | D:5      | Reached skill level 1 in Invocations
  5406 | D:5      | Reached skill level 8 in Axes
  5735 | D:6      | Noticed Menkaure
  5744 | D:6      | Killed Menkaure
  5744 | D:6      | Reached *** piety under Okawaru
  6171 | D:6      | Reached XP level 9. HP: 40/79 MP: 7/10
  6515 | D:6      | Reached skill level 9 in Axes
  6607 | D:6      | Found a burning altar of Makhleb.
  6900 | D:7      | Found a staircase to the Ecumenical Temple.
  7453 | D:7      | Found a radiant altar of Vehumet.
  7473 | D:7      | Reached **** piety under Okawaru
  7474 | D:7      | Reached skill level 10 in Axes
  8070 | D:8      | Found a staircase to the Lair.
  8071 | D:8      | Noticed a komodo dragon
  8095 | D:8      | Killed a komodo dragon
  8415 | D:8      | Found a transporter.
  8417 | D:8      | Found a transporter.
  8421 | D:8      | Found a transporter.
  8423 | D:8      | Noticed Gastronok
  8423 | D:8      | Found a transporter.
  8437 | D:8      | Killed Gastronok
  8438 | D:8      | Reached skill level 11 in Axes
  8438 | D:8      | Reached XP level 10. HP: 90/90 MP: 4/12
  8722 | D:8      | Found a runed translucent door.
  8723 | D:8      | Found a shimmering altar of Xom.
  8723 | D:8      | Noticed BeingJoeMalik's ghost (novice NaFi)
  8724 | D:8      | Noticed a +0 rapier of chaos
  9062 | Lair:1   | Entered Level 1 of the Lair of Beasts
  9110 | Lair:1   | Reached skill level 5 in Invocations
  9154 | Lair:1   | Reached ***** piety under Okawaru
  9502 | Lair:1   | Noticed a black mamba
  9520 | Lair:1   | Reached skill level 12 in Axes
  9540 | Lair:1   | Killed a black mamba
  9540 | Lair:1   | Identified the -2 pair of boots of Nuko {rElec rF+++ Str-4
                  | SInv} (Okawaru gifted it to you on level 1 of the Lair of
                  | Beasts)
  9540 | Lair:1   | Received a gift from Okawaru
  9786 | Lair:1   | Noticed a cane toad
  9801 | Lair:1   | Reached XP level 11. HP: 94/97 MP: 13/13
 10581 | Lair:2   | Found a staircase to the Snake Pit.
 10964 | Lair:2   | Noticed a deep troll
 10975 | Lair:2   | Killed a deep troll
 10976 | Lair:2   | Reached skill level 13 in Axes
 10976 | Lair:2   | Reached skill level 10 in Armour
 11331 | Lair:2   | Reached skill level 10 in Fighting
 11344 | Lair:2   | Reached skill level 10 in Shields
 11603 | Lair:2   | Found a staircase to the Shoals.
 12110 | Lair:3   | Noticed a five-headed hydra
 12123 | Lair:3   | Killed a five-headed hydra
 12544 | Lair:3   | Noticed a boulder beetle
 12576 | Lair:3   | Killed a boulder beetle
 12576 | Lair:3   | Identified the +1 hat "Waqoul" {Int+3} (Okawaru gifted it
                  | to you on level 3 of the Lair of Beasts)
 12576 | Lair:3   | Received a gift from Okawaru
 12577 | Lair:3   | Reached skill level 14 in Axes
 13458 | Lair:4   | Reached XP level 12. HP: 108/108 MP: 14/14
 14077 | Lair:4   | Found a staircase to the Slime Pits.
 14078 | Lair:4   | Found a viscous altar of Jiyva.
 14633 | D:8      | Reached skill level 1 in Throwing
 14647 | D:8      | Killed BeingJoeMalik's ghost
 14955 | D:9      | Found a broken altar of Ashenzari.
 14956 | D:9      | Found an ancient bone altar of Kikubaaqudgha.
 15250 | D:9      | Noticed Erolcha
 15262 | D:9      | Killed Erolcha
 15263 | D:9      | Reached skill level 15 in Axes
 15371 | D:9      | Noticed Joseph
 15386 | D:9      | Killed Joseph
 16407 | D:10     | Entered Level 10 of the Dungeon
 17462 | D:11     | Got Saorha's Anthology of Geology
 17464 | D:11     | Noticed a boulder beetle
 17477 | D:11     | Killed a boulder beetle
 17513 | D:11     | Noticed a two-headed ogre
 17525 | D:11     | Killed a two-headed ogre
 18694 | Lair:5   | Entered Level 5 of the Lair of Beasts
 18730 | Lair:5   | Found a gate leading to a gauntlet.
 18738 | Gauntlet | Entered a Gauntlet
 18738 | Gauntlet | Found a transporter.
 18738 | Gauntlet | Found a transporter.
 18738 | Gauntlet | Found a transporter.
 18788 | Gauntlet | Found a transporter.
 18805 | Gauntlet | Found a transporter.
 18808 | Gauntlet | Found a transporter.
 18808 | Gauntlet | Found a transporter.
 18834 | Gauntlet | Identified the ring "Davvao Diezu" {rC- MP+9 Str+3}
 18842 | Gauntlet | Found a transporter.
 18852 | Gauntlet | Found a transporter.
 18888 | Gauntlet | Found a transporter.
 18893 | Gauntlet | Paralysed by a floating eye for 3 turns
 18907 | Gauntlet | Reached XP level 13. HP: 118/118 MP: 9/15
 18967 | Gauntlet | Found a transporter.
 18998 | Gauntlet | Identified the amulet "Toqeampa" {Reflect rPois Int+4 SH+5}
 18998 | Gauntlet | Noticed a minotaur
 19025 | Gauntlet | Killed a minotaur
 19026 | Gauntlet | Reached skill level 16 in Axes
 19380 | Gauntlet | Identified the +2 pair of gloves "Hihoff" {rN+ Int-3
                  | Dex+10}
 19855 | Lair:5   | Received a gift from Okawaru
 20527 | Lair:5   | Reached skill level 5 in Throwing
 20729 | Lair:5   | Received a gift from Okawaru
 21836 | D:12     | Reached skill level 17 in Axes
 22740 | D:12     | Found a staircase to the Orcish Mines.
 23236 | Orc:1    | Entered Level 1 of the Orcish Mines
 23239 | Orc:1    | Noticed Sonja
 23282 | Orc:1    | Killed Sonja
 23481 | Orc:2    | Entered Level 2 of the Orcish Mines
 23481 | Orc:2    | Found Efagiuj's Antique Armour Shop.
 23517 | Orc:2    | Reached XP level 14. HP: 50/129 MP: 13/16
 24110 | Orc:2    | Noticed an orc warlord
 24118 | Orc:2    | Noticed Blork the orc
 24131 | Orc:2    | Found Mukear's General Store.
 24140 | Orc:2    | Killed Blork the orc
 24146 | Orc:2    | Killed an orc warlord
 24156 | Orc:2    | Mangled by an orc knight

Illustrated notes

Levels and vault maps discovered:
D:1:      shiori_arrival_oz, layout_basic, ebering_ecumenical_altar_ruins
D:2:      layout_basic, basic_altar, uniq_natasha, uniq_terence
D:3:      layout_basic, gammafunk_temple_overflow_elements, nrook_loot_triangle
D:4:      layout_basic, kennysheep_generic_room_10, uniq_sigmund
D:5:      layout_cave_pods, amcnicky_altar_gilded, chequers_avenue
D:6:      layout_loops_cross, lightli_temple_of_fire, kennysheep_generic_room_4,
          uniq_menkaure
D:7:      layout_rooms, general_overflow_altar, minmay_temple_entry_sparse_star,
          serial_glass, glass_columns_c, glass_columns_a
D:8:      layout_loops_corners, david_lair_shrubbed, ebering_ghost_xom,
          nicolae_transporter_circle, uniq_gastronok
D:9:      layout_loops_corners, chequers_temple_overflow_statue_of_worship,
          enter_bailey_4, uniq_erolcha, uniq_joseph
D:10:     layout_basic
D:11:     wander_river, layout_basic, minmay_variable_closet,
          chequers_mini_garden
D:12:     layout_irregular_city, orc_0_dummy
D:13:     argonaut_augean_stables, layout_irregular_city, grunt_qazlal_sundering
Lair:1:   layout_gridlike, grunt_megastairs_4, infiniplex_staircase_pool_2
Lair:2:   dreamdust_cave_troll, layout_loops_ring, minmay_shoals_entry_hut,
          dummy_snake_entry
Lair:3:   layout_big_grid
Lair:4:   layout_hall_layers, slime_entry_1
Lair:5:   evilmike_catoblepas_cave, layout_big_grid, gauntlet_entry_generic,
          grunt_megastairs_1, lemuel_fruit_tree, lemuel_fruit_fields,
          lemuel_fruit_fields
Orc:1:    layout_caves, uniq_urug, uniq_sonja
Orc:2:    grunt_orc_cross, layout_caves, serial_shops, shop_coins,
          minmay_orc_keep

Skill      XL: |  1  2  3  4  5  6  7  8  9 10 11 12 13 |
---------------+----------------------------------------+-----
Fighting       | 4 5 6 7 8 9 10 12 13 | 13.4
Shields        | 4 5 6 7 8 9 10 11 13 | 13.3
Axes           | 3 4 5 6 7 8 11 12 14 15 17 | 17.8
Armour         | 4 5 6 7 8 9 10 12 13 | 13.3
Invocations    | 2 4 5 |  5.0
Throwing       | 3 5 |  5.0

Action                   |  1- 3 |  4- 6 |  7- 9 | 10-12 | 13-15 || total
-------------------------+-------+-------+-------+-------+-------++-------
Melee: War axe           |    63 |   121 |   239 |   593 |   385 ||  1401
       Headbutt          |     4 |    23 |    33 |   127 |   110 ||   297
       Unarmed           |       |       |       |     5 |    21 ||    26
Throw: Boomerang         |       |       |       |       |     3 ||     3
       Javelin           |       |       |       |       |     2 ||     2
Invok: Heroism           |       |       |     6 |    18 |     7 ||    31
       Finesse           |       |       |     1 |     7 |     5 ||    13
  Use: Scroll            |     1 |     5 |    10 |     5 |     1 ||    22
       Potion            |     1 |     1 |     2 |     4 |     4 ||    12
Armor: Scale mail        |    20 |    11 |       |       |       ||    31
       Chain mail        |       |    49 |    88 |       |       ||   137
       Plate armour      |       |       |    13 |   260 |   132 ||   405
       Skin              |       |       |       |    12 |    47 ||    59
Dodge: Dodged            |    33 |    40 |    84 |   177 |   100 ||   434
       Repelled          |       |       |       |       |     2 ||     2
Block: Buckler           |    13 |    10 |    52 |   147 |   230 ||   452
       Reflection        |       |       |       |       |    18 ||    18
